 Dungeon Crawl Stone Soup version 0.17-a0-2073-gde5cdba (webtiles) character file.

1704 dpvblackbelt the Frost Mage (level 8, -4/41 HPs)
             Began as a Deep Elf Ice Elementalist on Oct 12, 2015.
             Slain by a yak (14 damage)
             ... on level 4 of the Dungeon on Oct 14, 2015.
             The game lasted 00:26:06 (6473 turns).

dpvblackbelt the Frost Mage (DEIE)                  Turns: 6473, Time: 00:26:06

Health: -4/41      AC:  4    Str:  5    XL:     8   Next: 73%
Magic:  13/14      EV: 13    Int: 23    God:
Gold:   217        SH:  0    Dex: 15    Spells: 4 memorised, 2 levels left

rFire  . . .     SeeInvis .     c - +1 rod of destruction (3/11) {!a}
rCold  . . .     Clarity  .     l - +0 robe
rNeg   . . .     SustAt   .     (no shield)
rPois  .         Gourm    .     j - +0 helmet
rElec  .         Spirit   .     (no cloak)
rCorr  .         Warding  .     (no gloves)
rMut   .         Stasis   .     i - +0 pair of boots
MR     .....                    (no amulet)
Stlth  ++........               (no ring)
                                (no ring)

@: not resistant to hostile enchantments, unstealthy
A: no striking features
a: no special abilities


You were on level 4 of the Dungeon.
You were not hungry.

You visited 1 branch of the dungeon, and saw 5 of its levels.
You also visited: Sewer.

You collected 217 gold pieces.

Inventory:

Hand Weapons
 a - a +2 dagger of draining
   (You took it off a kobold on level 1 of the Dungeon)
 b - a +1 hunting sling of freezing
   (You found it on level 2 of the Dungeon)
 n - a +1 short sword of draining
   (You found it on level 1 of the Dungeon)
Missiles
 F - 79 stones (quivered)
 G - a throwing net {=f, !d}
Armour
 i - a +0 pair of boots (worn)
   (You found it on level 1 of the Dungeon)
 j - a +0 helmet (worn)
   (You found it on level 1 of the Dungeon)
 l - a +0 robe (worn)
Rods
 c - a +1 rod of destruction (3/11) (weapon) {!a}
   (You found it on level 2 of the Dungeon)
Scrolls
 d - a scroll of random uselessness {unknown}
 e - 3 scrolls of fog
 h - a scroll of identify
 k - 4 scrolls of remove curse
 m - 3 scrolls of enchant weapon
 p - 2 scrolls of recharging
 s - a scroll of enchant armour
 u - a scroll of amnesia
 B - a scroll of magic mapping {!r}
 C - a scroll of immolation {!r}
Potions
 g - 5 potions of might
 o - a potion of haste {unknown}
 v - a potion of degeneration {unknown}
 x - a potion of beneficial mutation {unknown}
 z - a potion of magic {unknown}
 A - a potion of brilliance {unknown}
 E - 2 potions of cure mutation {unknown}
Books
 q - a book of Frost
Comestibles
 t - a bread ration {@e1}


   Skills:
 - Level 2.4 Dodging
 - Level 2.4 Stealth
 - Level 3.0 Spellcasting
 - Level 8.5 Conjurations
 + Level 9.5 Ice Magic


You had 2 spell levels left.
You knew the following spells:

 Your Spells              Type           Power        Failure   Level  Hunger
a - Freeze                Ice            ####         1%          1    None
b - Throw Icicle          Conj/Ice       #####...     3%          4    ####...
c - Summon Ice Beast      Ice/Summ       ####....     17%         4    ####...
x - Throw Frost           Conj/Ice       #####.       1%          2    ##.....


Dungeon Overview and Level Annotations

Branches:
Dungeon (5/15)
 Temple: D:4-7

Altars:
The Shining One


Message History

You freeze the water moccasin.
You feel sick. The water moccasin bites you.
You take 4 damage, and have 31/41 hp.
You now have 1/14 mp.
A centaur comes into view.
You feel sick.
The centaur shouts!
The centaur wields a shortbow.
The centaur shoots an arrow.
The arrow hits you. The jelly barely misses you. The water moccasin misses you.
You see here an arrow.
You take 4 damage, and have 27/41 hp.
You feel sick.
The centaur shoots an arrow.
The arrow hits you!
You see here an arrow.
You take 10 damage, and have 17/41 hp.
MASSIVE DAMAGE!!
You feel sick.
The water moccasin moves out of view.
You take 1 damage, and have 16/41 hp.
Read which item? (? for menu, Esc to quit)
As you read the scroll of fear, it crumbles to dust.
You assume a fearsome visage.
The jelly looks frightened!
The centaur looks frightened!
The worker ant zombie is unaffected.
The worker ant zombie misses you.
The centaur weeps quietly.
Aim: a water moccasin (heavily wounded, slow)
You freeze the water moccasin.
You feel sick. The worker ant zombie bites you.
* * * LOW HITPOINT WARNING * * *
The water moccasin closely misses you.
You take 5 damage, and have 11/41 hp.
You now have 0/14 mp.
Drink which item? (? for menu, Esc to quit)
You feel much better. The worker ant zombie bites you.
The water moccasin bites you!
You are more poisoned.
The water moccasin poisons you!
You regained 19 hp, and now have 30/41 hp.
Aim: a water moccasin (severely wounded, slow)
You freeze the water moccasin.
You kill the water moccasin!
Your Ice Magic skill increases to level 9!
You feel sick.
The worker ant zombie closely misses you.
You take 2 damage, and have 28/41 hp.
You now have 0/14 mp.
You feel sick.
You feel sick.
There is a stone staircase leading up here.
You take 1 damage, and have 27/41 hp.
You feel sick.
Cornered, the jelly turns to fight!
The worker ant zombie bites you.
You climb upwards.
You feel sick.
There is a stone staircase leading down here.
You take 4 damage, and have 23/41 hp.
You aren't carrying any items that can be evoked without being wielded.
Wield which item (- for none, * to show all)? (? for menu, Esc to quit)
Your +1 hunting sling of freezing stops glowing.
c - a +1 rod of destruction (11/11) (weapon)
{!a} You feel sick.
You take 1 damage, and have 22/41 hp.
Aim: a yak You hear a mighty clap of thunder!
The bolt of lightning hits the yak. x2
You kill the yak!
The bolt of lightning misses you.
You feel sick.
You hear a shout!
You take 1 damage, and have 21/41 hp.
You start resting.
You feel sick. x8
You take 5 damage, and have 16/41 hp.
You regained 2 mp, and now have 3/14 mp.
You are near starving!
You feel sick.
You take 1 damage, and have 15/41 hp.
You feel sick.
You take 1 damage, and have 14/41 hp.
You feel sick.
You are no longer poisoned.
You take 1 damage, and have 14/41 hp.
An orc comes into view. It is wielding a club.
The orc barely misses you.
The yak bellows!
There is an open door here.
The yak misses you.
There is an open door here.
Your rod of destruction {!a} has recharged.
Okay, then.
Aim: a yak The bolt of acid hits the yak.
The acid corrodes the yak!
The bolt of acid hits the yak.
The acid corrodes the yak!
The yak gores you.
You take 5 damage, and have 16/41 hp.
Aim: a yak (lightly wounded, covered in acid)
You hear a mighty clap of thunder!
The bolt of lightning hits the yak. x2
You are starving!
The yak gores you!
* * * LOW HITPOINT WARNING * * *
You take 7 damage, and have 9/41 hp.
You don't have the energy to cast that spell.
You don't have the energy to cast that spell.
Eat which item? (? for menu, Esc to quit)
The yak misses you.
You continue eating.
The yak misses you.
You continue eating.
The yak gores you!
You die...

#################################
.................................
#################.#######.....###
####### #.## #.[...### ......##
#..# #........ .#.##..## ##.##
#.....### .#.##...##########..#
#.....# # .#.......w....YY@...##
###<### # .####...###########..#
#.# .# #..## #..## ##.## .####..#
#...# #...# ....>..#
#.#.####...## ######'##
#.#..#......### ##...##
#.##..........# ##.....##
####.##..........# ##......w##
##.##.###.........#


You could see 2 yaks and a worm.

Vanquished Creatures
  Pikel (D:4)
  A yak (D:4)
  Menkaure (D:4)
  A water moccasin (D:5)
  3 slaves (D:4)
  2 ogres (D:4)
  2 giant frogs (Sewer)
  A scorpion (D:4)
  A hound (D:4)
  2 orc priests
  Ijyb (D:2)
  Terence (D:3)
  Natasha (thrice) (D:3)
  A hound skeleton (D:4)
  10 adders
  5 river rats (Sewer)
  2 oozes (Sewer)
  A worm (D:3)
  6 giant geckos
  14 orcs
  8 giant cockroaches
  8 goblins
  10 hobgoblins
  3 jackals (D:3)
  A quokka (D:4)
  13 ball pythons
  8 bats
  6 giant newts
  4 kobolds
  A quokka skeleton (D:4)
  29 rats
150 creatures vanquished.

Vanquished Creatures (collateral kills)
  A yak (D:4)
1 creature vanquished.

Vanquished Creatures (others)
  An iguana (D:4)
  A giant gecko skeleton (D:4)
  A quokka skeleton (D:4)
3 creatures vanquished.

Grand Total: 154 creatures vanquished

Notes
Turn   | Place    | Note
--------------------------------------------------------------
     0 | D:1      | dpvblackbelt the Deep Elf Ice Elementalist began the quest for the Orb.
     0 | D:1      | Reached XP level 1. HP: 10/10 MP: 6/6
   505 | D:1      | Reached skill level 4 in Ice Magic
   505 | D:1      | Reached XP level 2. HP: 10/15 MP: 6/8
   509 | D:1      | Learned a level 2 spell: Throw Frost
  1345 | D:2      | Noticed Ijyb
  1351 | D:2      | Killed Ijyb
  1351 | D:2      | Reached skill level 3 in Conjurations
  1351 | D:2      | Reached XP level 3. HP: 16/19 MP: 7/9
  1696 | D:2      | Reached XP level 4. HP: 13/24 MP: 6/10
  1828 | D:2      | Identified a +0 rod of destruction (10/10) (You found it on level 2 of the Dungeon)
  2159 | D:2      | Learned a level 4 spell: Throw Icicle
  2270 | D:2      | Found a glowing golden altar of the Shining One.
  2502 | D:3      | Reached skill level 4 in Conjurations
  2552 | D:3      | Noticed Terence
  2564 | D:3      | Killed Terence
  2895 | D:3      | Found a glowing drain.
  2910 | D:3      | Reached XP level 5. HP: 28/28 MP: 9/11
  2933 | Sewer    | Entered a sewer
  2968 | Sewer    | Reached skill level 5 in Conjurations
  3659 | Sewer    | Reached skill level 6 in Conjurations
  3815 | Sewer    | HP: 3/28 [giant frog (8)]
  3820 | Sewer    | HP: 6/28 [giant frog (4)]
  3987 | Sewer    | Reached XP level 6. HP: 22/32 MP: 9/12
  4121 | Sewer    | Reached skill level 7 in Conjurations
  4276 | D:3      | Noticed Natasha
  4282 | D:3      | Killed Natasha
  4480 | D:3      | Noticed Natasha
  4485 | D:3      | Killed Natasha
  4511 | D:3      | Noticed Natasha
  4512 | D:3      | Killed Natasha
  4522 | D:3      | Learned a level 4 spell: Summon Ice Beast
  5373 | D:4      | Reached XP level 7. HP: 19/36 MP: 9/13
  5547 | D:4      | Noticed Menkaure
  5557 | D:4      | Killed Menkaure
  5557 | D:4      | Reached skill level 8 in Conjurations
  5792 | D:4      | Reached skill level 5 in Ice Magic
  6109 | D:4      | Upgraded the game from 0.17-a0-2055-gb4e23be to 0.17-a0-2073-gde5cdba
  6119 | D:4      | Noticed Pikel
  6146 | D:4      | Noticed a yak
  6147 | D:4      | Noticed a yak
  6155 | D:4      | Killed Pikel
  6155 | D:4      | Reached skill level 7 in Ice Magic
  6155 | D:4      | Reached XP level 8. HP: 27/41 MP: 0/14
  6160 | D:4      | Noticed a yak
  6160 | D:4      | Noticed a yak
  6160 | D:4      | Noticed a yak
  6328 | D:4      | Reached skill level 8 in Ice Magic
  6344 | D:4      | Killed a yak
  6368 | D:5      | Entered Level 5 of the Dungeon
  6378 | D:5      | Reached skill level 9 in Ice Magic
  6384 | D:4      | Killed a yak
  6469 | D:4      | HP: 9/41 [yak (7)]
  6473 | D:4      | Slain by a yak

Vault maps used:
D:1:      eino_arrival_druids_welcome
D:2:      tso_metal_star, uniq_iyjb
D:3:      portal_sewer_entry_f, uniq_natasha, uniq_terence
D:4:      temple_fountains, first_bread, uniq_menkaure, uniq_pikel,
          uniq_crazy_yiuf_cottage
D:5:      fedhas_bush_and_centaur_altar, slow_altar_1, nemelex_altar_shiori,
          old_standard_altar, kennysheep_path_1
Sewer:    sewer_minmay_w

Action                   |  1- 3 |  4- 6 |  7- 9 || total
-------------------------+-------+-------+-------++-------
Melee: Club              |    15 |       |       ||    15
       Unarmed           |     1 |       |       ||     1
       Dagger            |    14 |    27 |     8 ||    49
 Fire: Hunting sling     |    31 |   165 |    33 ||   229
 Cast: Freeze            |    19 |    65 |    24 ||   108
       Throw Frost       |       |     9 |     4 ||    13
       Throw Icicle      |       |       |    10 ||    10
       Summon Ice Beast  |       |       |     1 ||     1
Evoke: Rod               |       |     1 |     5 ||     6
  Use: Scroll            |       |    10 |     2 ||    12
       Potion            |       |     4 |     2 ||     6
 Stab: Sleeping          |     2 |       |       ||     2
  Eat: Chunk             |     2 |    11 |       ||    13
       Bread ration      |       |       |     2 ||     2
       Beef jerky        |       |       |     1 ||     1

Vault maps used:
D:1:      eino_arrival_druids_welcome
D:2:      tso_metal_star, uniq_iyjb
D:3:      portal_sewer_entry_f, uniq_natasha, uniq_terence
D:4:      temple_fountains, first_bread, uniq_menkaure, uniq_pikel,
          uniq_crazy_yiuf_cottage
D:5:      fedhas_bush_and_centaur_altar, slow_altar_1, nemelex_altar_shiori,
          old_standard_altar, kennysheep_path_1
Sewer:    sewer_minmay_w

Table legend:
 A = Turns spent in this place as a percentage of turns spent in the entire game.
 B = Non-inter-level travel turns spent in this place as a percentage of non-inter-level travel turns spent in the entire game.
 C = Inter-level travel turns spent in this place as a percentage of turns spent in this place.
 D = Turns resting spent in this place as a percentage of non-inter-level travel turns spent in this place.
 E = Turns spent auto-exploring this place as a percentage of non-inter-level travel turns spent in this place.
 F = Non-inter-level travel turns spent in this place divided by the number of levels of this place that you've seen.
                   A       B       C       D       E      F
               +-------+-------+-------+-------+-------+----------------------
         Total | 100.0 | 100.0 |   1.0 |   4.0 |   6.7 | 328.2
       Dungeon |  79.5 |  79.3 |   1.2 |   3.9 |   6.7 | 312.4
         Sewer |  20.5 |  20.7 |   0.0 |   4.4 |   6.9 | 407.0
               +-------+-------+-------+-------+-------+----------------------

Table legend:
 A = Kills in this place as a percentage of kills in entire the game.
 B = Kills by you in this place as a percentage of kills by you in the entire game.
 C = Kills by friends in this place as a percentage of kills by friends in the entire game.
 D = Other kills in this place as a percentage of other kills in the entire game.
 E = Experience gained in this place as a percentage of experience gained in the entire game.
 F = Experience gained in this place divided by the number of levels of this place that you have seen.
                   A       B       C       D       E      F
               +-------+-------+-------+-------+-------+----------------------
         Total | 100.0 | 100.0 | 100.0 |  -nan | 100.0 | 405.8
       Dungeon |  65.5 |  65.3 | 100.0 |  -nan |  84.1 | 409.6
         Sewer |  34.5 |  34.7 |   0.0 |  -nan |  15.9 | 387.0
               +-------+-------+-------+-------+-------+----------------------
